cohdb
Replays
Latest Replays
All Replays
Popular Replays
Top Player Replays
Match Explorer
How It Works
Community
CoH3 Stats
Reddit
Sign in to upload your games and track your stats! →
Sign in with Steam
Match 45442626
Unlisted
Match 45442626
Overview
Messages
Build Orders
End
Royal Engineer Section
Selects Australian Defense Battlegroup
Selects Australian Light Infantry Section
Australian Light Infantry Section
Construct Section Command Post
Dingo Light Scout Car
Australian Light Infantry Section
Construct Platoon Command Post
Humber Armored Car
Selects 2-pounder Anti-tank Gun Team
Vickers Machine Gun Team
Humber Armored Car
Selects CMP 15cwt Supply Run
Selects Reinforced Resource Caches
CMP 15cwt Supply Run
2-pounder Anti-tank Gun Team
Construct Company Command Post
Crusader II Medium Tank
ArmouredTopHat
Ice Man
T.R. Olvadi
Nico-Nico-Nii~~
0
0
Comments
sign in to comment!
No comments posted yet!